3AA
SAN BERNARDINO GRASSHOPPERS @ VIRGINIA BEACH DEUCES
07/03/2025
 
TOP OF THE 1ST
San Bernardino Grasshoppers batting - Pitching for Virginia Beach Deuces : LHP Jim Unknown
Pitching: LHP Jim Unknown
Batting: RHB Enrico Betancourt 0-0: SINGLE (Groundball, 5D)
Batting: RHB Arnold Giroux 0-0: Ball
1-0: Ball
Enrico Betancourt steals 2nd base
2-0: Called Strike
2-1: Ground out 5-3 (Groundball, 56)
Batting: SHB Zuberi Mccray 0-0: Called Strike
0-1: Foul Ball, location: 2F
0-2: Ball
1-2: Foul Ball, location: 2F
1-2: Foul Ball, location: 2F
1-2: Strikes out swinging
Batting: RHB Brandon Cole 0-0: Ball
1-0: Ball
2-0: Foul Ball, location: 2F
2-1: 2-RUN HOME RUN (Flyball, 78XD), Distance : 440 ft
Batting: LHB Mario Nieves 0-0: SINGLE (Popup, 4MD)
Batting: RHB Matt Roloff 0-0: Ball
1-0: Called Strike
1-1: Fly out, F8 (Flyball, 78M)
Top of the 1st over - 2 run(s), 3 hit(s), 0 error(s), 1 left on base; San Bernardino 2 - Virginia Beach 0
BOTTOM OF THE 1ST
Virginia Beach Deuces batting - Pitching for San Bernardino Grasshoppers : RHP Carlos Peret
Pitching: RHP Carlos Peret
Batting: RHB Robert Emmet Odlum 0-0: Ball
1-0: Bunted foul
1-1: Ball
2-1: Foul Ball, location: 2F
2-2: Ball
3-2: Strikes out looking
Batting: LHB Curt Wilson 0-0: Ball
1-0: Ball
2-0: Ball
3-0: Called Strike
3-1: Fly out, F9 (Flyball, 9LS)
Batting: SHB Luis Manuel Flores 0-0: Ball
1-0: Foul Ball, location: 2F
1-1: Foul Ball, location: 2F
1-2: Ball
2-2: Foul Ball, location: 2F
2-2: Foul Ball, location: 2F
2-2: Foul Ball, location: 2F
2-2: Foul Ball, location: 2F
2-2: Foul Ball, location: 2F
2-2: Foul Ball, location: 2F
2-2: SINGLE (Groundball, 4D)
Batting: RHB António Acosta 0-0: Called Strike
0-1: Ball
1-1: Foul Ball, location: 2F
1-2: Foul Ball, location: 2F
1-2: Fly out, F7 (Flyball, 7LSF)
Bottom of the 1st over - 0 run(s), 1 hit(s), 0 error(s), 1 left on base; San Bernardino 2 - Virginia Beach 0
TOP OF THE 2ND
San Bernardino Grasshoppers batting - Pitching for Virginia Beach Deuces : LHP Jim Unknown
Batting: RHB José Ruíz 0-0: Called Strike
0-1: Ball
1-1: Called Strike
1-2: Fly out, F9 (Flyball, 89D)
Batting: LHB Homer Spence 0-0: Ball
1-0: Swinging Strike
1-1: Ball
2-1: Foul Ball, location: 2F
2-2: Fly out, F9 (Flyball, 89D)
Batting: RHB José Urruticodez 0-0: Foul Ball, location: 2F
0-1: Ball
1-1: Swinging Strike
1-2: Ground out 6-3 (Groundball, 6M)
Top of the 2nd over - 0 run(s), 0 hit(s), 0 error(s), 0 left on base; San Bernardino 2 - Virginia Beach 0
BOTTOM OF THE 2ND
Virginia Beach Deuces batting - Pitching for San Bernardino Grasshoppers : RHP Carlos Peret
Batting: RHB Armando García 0-0: Called Strike
0-1: Called Strike
0-2: Strikes out swinging
Batting: SHB Juan Perales 0-0: SINGLE (Line Drive, 8LS)
Batting: LHB Félix González 0-0: Ball
1-0: 2-RUN HOME RUN (Line Drive, 9D), Distance : 378 ft
Batting: RHB James Hill 0-0: Ball
1-0: Ball
2-0: Ball
3-0: Called Strike
3-1: Foul Ball, location: 2F
3-2: Base on Balls
Batting: RHB Harry Freidricks 0-0: Ball
1-0: Called Strike
1-1: Foul Ball, location: 2F
1-2: Ball
2-2: Ball
3-2: Foul Ball, location: 2F
3-2: SINGLE (Groundball, 5D)
James Hill to second
Batting: RHB Robert Emmet Odlum 0-0: Ball
1-0: Ball
2-0: Ball
3-0: Base on Balls
James Hill to third
Harry Freidricks to second
Batting: LHB Curt Wilson 0-0: Ball
1-0: Ball
2-0: Called Strike
2-1: Foul Ball, location: 2F
2-2: Strikes out looking
Batting: SHB Luis Manuel Flores 0-0: Ball
1-0: Ball
2-0: Ball
3-0: Base on Balls
James Hill scores
Harry Freidricks to third
Robert Emmet Odlum to second
Batting: RHB António Acosta 0-0: Ball
1-0: Called Strike
1-1: Ball
2-1: SINGLE (Groundball, 6MD)
Harry Freidricks scores
Robert Emmet Odlum to third
Luis Manuel Flores to second
Runner from 3rd tries for Home, SAFE, no throw
Batting: RHB Armando García 0-0: Foul Ball, location: 2F
0-1: Ball
1-1: Foul Ball, location: 2F
1-2: Ball
2-2: Ball
3-2: Base on Balls
Luis Manuel Flores to third
António Acosta to second
Batting: SHB Juan Perales 0-0: Ball
1-0: Ball
2-0: Ball
3-0: Base on Balls
Luis Manuel Flores scores
António Acosta to third
Armando García to second
Batting: LHB Félix González 0-0: Fly out, F7 (Flyball, 7D)
Bottom of the 2nd over - 6 run(s), 4 hit(s), 0 error(s), 3 left on base; San Bernardino 2 - Virginia Beach 6
TOP OF THE 3RD
San Bernardino Grasshoppers batting - Pitching for Virginia Beach Deuces : LHP Jim Unknown
Batting: RHB Enrico Betancourt 0-0: Ball
1-0: SINGLE (Line Drive, 78M)
Batting: RHB Arnold Giroux 0-0: Fly out, F9 (Flyball, 9S)
Batting: SHB Zuberi Mccray 0-0: Ball
1-0: Foul Ball, location: 2F
1-1: SINGLE (Flyball, 89S)
Enrico Betancourt to second
Batting: RHB Brandon Cole 0-0: Called Strike
Enrico Betancourt steals 3rd base
Zuberi Mccray to second
0-1: Foul Ball, location: 2F
0-2: Foul Ball, location: 2F
0-2: Ball
1-2: SINGLE (Flyball, 9LS)
Enrico Betancourt scores
Zuberi Mccray to third
Batting: LHB Mario Nieves 0-0: Grounds into double play, 4-6-3 (Groundball, 4M)
Top of the 3rd over - 1 run(s), 3 hit(s), 0 error(s), 1 left on base; San Bernardino 3 - Virginia Beach 6
BOTTOM OF THE 3RD
Virginia Beach Deuces batting - Pitching for San Bernardino Grasshoppers : RHP Carlos Peret
Batting: RHB James Hill 0-0: Called Strike
0-1: Foul Ball, location: 2F
0-2: Ball
1-2: Strikes out swinging
Pitching: LHP Ricardo Roquette
Batting: RHB Harry Freidricks 0-0: Called Strike
0-1: Foul Ball, location: 2F
0-2: Strikes out swinging
Batting: RHB Robert Emmet Odlum 0-0: Ball
1-0: Ball
2-0: Ball
3-0: Base on Balls
Batting: LHB Curt Wilson 0-0: Ball
1-0: Foul Ball, location: 2F
1-1: Called Strike
1-2: Strikes out swinging
Bottom of the 3rd over - 0 run(s), 0 hit(s), 0 error(s), 1 left on base; San Bernardino 3 - Virginia Beach 6
TOP OF THE 4TH
San Bernardino Grasshoppers batting - Pitching for Virginia Beach Deuces : LHP Jim Unknown
Batting: RHB Matt Roloff 0-0: Ball
1-0: Ball
2-0: Ball
3-0: Base on Balls
Batting: RHB José Ruíz Pickoff Throw to First - Error! E1
Matt Roloff to second
0-0: Called Strike
0-1: Ground out 6-3 (Groundball, 6)
Matt Roloff to third
Batting: LHB Homer Spence 0-0: Ball
1-0: Called Strike
1-1: SINGLE (Line Drive, 5S)
Matt Roloff scores
Batting: RHB José Urruticodez 0-0: Ball
1-0: Foul Ball, location: 2F
1-1: Ball
2-1: Called Strike
2-2: Ball
3-2: SINGLE (Line Drive, 4D)
Homer Spence to second
Batting: RHB Enrico Betancourt 0-0: Fly out, F8 (Flyball, 8LS)
Batting: RHB Arnold Giroux 0-0: Called Strike
0-1: SINGLE (Groundball, 56D)
Homer Spence to third
José Urruticodez to second
Runner from 3rd tries for Home, SAFE, no throw
Batting: SHB Zuberi Mccray 0-0: Ball
1-0: DOUBLE (Line Drive, 7LM)
José Urruticodez scores
Arnold Giroux to third
Runner from 3rd tries for Home, SAFE, no throw
Pitching: LHP José Carrasco
Batting: RHB Brandon Cole 0-0: Ball
1-0: Ball
2-0: Ball
3-0: Base on Balls
Batting: LHB Mario Nieves 0-0: Ball
1-0: Called Strike
1-1: Ground out 4-3 (Groundball, 34D)
Top of the 4th over - 4 run(s), 4 hit(s), 1 error(s), 2 left on base; San Bernardino 7 - Virginia Beach 6
BOTTOM OF THE 4TH
Virginia Beach Deuces batting - Pitching for San Bernardino Grasshoppers : LHP Ricardo Roquette
Batting: SHB Luis Manuel Flores 0-0: Swinging Strike
0-1: Ball
1-1: SINGLE (Line Drive, 89S)
Batting: RHB António Acosta 0-0: Ball
1-0: Grounds into double play, 6-4-3 (Groundball, 6)
Batting: RHB Armando García 0-0: Ground out 6-3 (Groundball, 56)
Bottom of the 4th over - 0 run(s), 1 hit(s), 0 error(s), 0 left on base; San Bernardino 7 - Virginia Beach 6
TOP OF THE 5TH
San Bernardino Grasshoppers batting - Pitching for Virginia Beach Deuces : LHP José Carrasco
Batting: RHB Matt Roloff 0-0: Bunt missed!
0-1: TRIPLE (Line Drive, 8RD)
Batting: RHB José Ruíz 0-0: Ball
1-0: Ground out 5-3 (Groundball, 56)
Batting: LHB Homer Spence 0-0: Called Strike
0-1: Swinging Strike
0-2: Ball
1-2: Fly out, F6 (Line Drive, 6MD)
Batting: RHB José Urruticodez 0-0: SINGLE (Groundball, 34D)
Matt Roloff scores
Batting: RHB Enrico Betancourt 0-0: Ball
1-0: Called Strike
1-1: Foul Ball, location: 2F
1-2: Ball
2-2: Strikes out swinging
Top of the 5th over - 1 run(s), 2 hit(s), 0 error(s), 1 left on base; San Bernardino 8 - Virginia Beach 6
BOTTOM OF THE 5TH
Virginia Beach Deuces batting - Pitching for San Bernardino Grasshoppers : LHP Ricardo Roquette
Batting: SHB Juan Perales 0-0: Ball
1-0: Called Strike
1-1: Foul Ball, location: 2F
1-2: Strikes out swinging
Batting: LHB Félix González 0-0: Ball
1-0: Ball
2-0: Ball
3-0: Called Strike
3-1: Foul Ball, location: 2F
3-2: Strikes out swinging
Batting: RHB James Hill 0-0: SINGLE (Line Drive, 7LS)
Batting: RHB Harry Freidricks 0-0: Foul Ball, location: 2F
0-1: Fielders Choice at 2nd, 5-4 (Groundball, 56)
Bottom of the 5th over - 0 run(s), 1 hit(s), 0 error(s), 0 left on base; San Bernardino 8 - Virginia Beach 6
TOP OF THE 6TH
San Bernardino Grasshoppers batting - Pitching for Virginia Beach Deuces : LHP José Carrasco
Batting: RHB Arnold Giroux 0-0: Called Strike
0-1: Foul Ball, location: 2F
0-2: Ball
1-2: Foul Ball, location: 2F
1-2: Strikes out swinging
Batting: SHB Zuberi Mccray 0-0: Called Strike
0-1: Ball
1-1: Ball
2-1: Foul Ball, location: 2F
2-2: Foul Ball, location: 2F
2-2: SINGLE (Line Drive, 3D)
Batting: RHB Brandon Cole 0-0: SINGLE (Flyball, 89S)
Zuberi Mccray to second
Batting: LHB Mario Nieves 0-0: Grounds into double play, 4-6-3 (Groundball, 34)
Top of the 6th over - 0 run(s), 2 hit(s), 0 error(s), 1 left on base; San Bernardino 8 - Virginia Beach 6
BOTTOM OF THE 6TH
Virginia Beach Deuces batting - Pitching for San Bernardino Grasshoppers : LHP Ricardo Roquette
Batting: RHB Robert Emmet Odlum 0-0: Ball
1-0: Foul Ball, location: 2F
1-1: Swinging Strike
1-2: Foul Ball, location: 2F
1-2: SINGLE (Flyball, 7LM)
Batting: LHB Curt Wilson 0-0: Ball
1-0: Sac Bunt - play at second, runner OUT! 5-6
Batting: SHB Luis Manuel Flores 0-0: Fly out, F7 (Flyball, 7LM)
Batting: RHB António Acosta 0-0: Ball
1-0: Ball
2-0: Ball
3-0: Base on Balls
Curt Wilson to second
Batting: RHB Armando García 0-0: Called Strike
0-1: Foul Ball, location: 2F
0-2: Ball
1-2: Foul Ball, location: 2F
1-2: Ball
2-2: Foul Ball, location: 2F
2-2: Reached via error on a dropped throw, E4
Curt Wilson to third
António Acosta to second
Batting: SHB Juan Perales 0-0: Ball
1-0: Fly out, F8 (Flyball, 8LM)
Bottom of the 6th over - 0 run(s), 1 hit(s), 1 error(s), 3 left on base; San Bernardino 8 - Virginia Beach 6
TOP OF THE 7TH
San Bernardino Grasshoppers batting - Pitching for Virginia Beach Deuces : RHP Brent Riley
Pitching: RHP Brent Riley
Batting: RHB Matt Roloff 0-0: Ball
1-0: Foul Ball, location: 2F
1-1: Foul Ball, location: 2F
1-2: Ball
2-2: Foul Ball, location: 2F
2-2: Strikes out swinging
Batting: RHB José Ruíz 0-0: Ball
1-0: Ball
2-0: Foul Ball, location: 2F
2-1: Fly out, F8 (Flyball, 89M)
Batting: LHB Homer Spence 0-0: Called Strike
0-1: Called Strike
0-2: Ball
1-2: Strikes out swinging
Top of the 7th over - 0 run(s), 0 hit(s), 0 error(s), 0 left on base; San Bernardino 8 - Virginia Beach 6
BOTTOM OF THE 7TH
Virginia Beach Deuces batting - Pitching for San Bernardino Grasshoppers : LHP Ricardo Roquette
Batting: LHB Félix González 0-0: Swinging Strike
0-1: Ball
1-1: Called Strike
1-2: Fly out, F3 (Line Drive, 3L)
Batting: RHB James Hill 0-0: Ball
1-0: Foul Ball, location: 2F
1-1: Fly out, F5 (Line Drive, 56)
Batting: RHB Harry Freidricks 0-0: Foul Ball, location: 2F
0-1: Swinging Strike
0-2: Ball
1-2: Foul Ball, location: 2F
1-2: Foul Ball, location: 2F
1-2: Fly out, F8 (Flyball, 8LD)
Bottom of the 7th over - 0 run(s), 0 hit(s), 0 error(s), 0 left on base; San Bernardino 8 - Virginia Beach 6
TOP OF THE 8TH
San Bernardino Grasshoppers batting - Pitching for Virginia Beach Deuces : RHP Brent Riley
Batting: RHB José Urruticodez 0-0: Called Strike
0-1: Swinging Strike
0-2: Ball
1-2: Ball
2-2: Foul Ball, location: 2F
2-2: Strikes out swinging
Batting: RHB Enrico Betancourt 0-0: Ball
1-0: Fly out, F9 (Flyball, 9LS)
Batting: RHB Arnold Giroux 0-0: Ball
1-0: Ground out 4-3 (Groundball, 4)
Top of the 8th over - 0 run(s), 0 hit(s), 0 error(s), 0 left on base; San Bernardino 8 - Virginia Beach 6
BOTTOM OF THE 8TH
Virginia Beach Deuces batting - Pitching for San Bernardino Grasshoppers : LHP Ricardo Roquette
Batting: RHB Robert Emmet Odlum 0-0: Fly out, F8 (Line Drive, 89S)
Batting: LHB Curt Wilson 0-0: Foul Ball, location: 2F
0-1: Foul Ball, location: 2F
0-2: Ground out 4-3 (Groundball, 4M)
Pitching: RHP Arturo Villa
Batting: SHB Luis Manuel Flores 0-0: Ball
1-0: Ball
2-0: Ground out 1-3 (Groundball, 15S)
Bottom of the 8th over - 0 run(s), 0 hit(s), 0 error(s), 0 left on base; San Bernardino 8 - Virginia Beach 6
TOP OF THE 9TH
San Bernardino Grasshoppers batting - Pitching for Virginia Beach Deuces : RHP Brent Riley
Pitching: RHP Jim Unknown
Batting: SHB Zuberi Mccray 0-0: Called Strike
0-1: Ball
1-1: Ball
2-1: Foul Ball, location: 2F
2-2: Ball
3-2: Strikes out swinging
Batting: RHB Brandon Cole 0-0: Called Strike
0-1: Foul Ball, location: 2F
0-2: Ball
1-2: SINGLE (Line Drive, 56D)
Batting: LHB Mario Nieves 0-0: Ball
1-0: Swinging Strike
1-1: Called Strike
1-2: Foul Ball, location: 2F
1-2: Ball
2-2: Foul Ball, location: 2F
2-2: Ball
3-2: Foul Ball, location: 2F
3-2: Foul Ball, location: 2F
3-2: Strikes out swinging
Batting: RHB Matt Roloff 0-0: Ball
1-0: Ball
2-0: Ball
3-0: Base on Balls
Brandon Cole to second
Batting: RHB José Ruíz 0-0: Called Strike
0-1: Ball
1-1: Swinging Strike
1-2: Strikes out swinging
Top of the 9th over - 0 run(s), 1 hit(s), 0 error(s), 2 left on base; San Bernardino 8 - Virginia Beach 6
BOTTOM OF THE 9TH
Virginia Beach Deuces batting - Pitching for San Bernardino Grasshoppers : RHP Arturo Villa
Pitching: LHP Héctor Valentín
Batting: RHB António Acosta 0-0: Ball
1-0: Fly out, F2 (Popup, 25)
Batting: RHB Armando García 0-0: Ball
1-0: Foul Ball, location: 2F
1-1: Foul Ball, location: 2F
1-2: Foul Ball, location: 2F
1-2: Ball
2-2: Ball
3-2: Ground out 6-3 (Groundball, 6)
Batting: SHB Juan Perales 0-0: Called Strike
0-1: Fly out, F9 (Line Drive, 9)
Bottom of the 9th over - 0 run(s), 0 hit(s), 0 error(s), 0 left on base; San Bernardino 8 - Virginia Beach 6
Friday, December 30th, 2016 - OOTP Baseball 17.12 Build 75